 Dungeon Crawl Stone Soup version 0.27.1-33-g824d729ab1 (webtiles) character file.

Game seed: 12568607781977888460

980 pkoi the Grappler (level 7, -1/59 HPs)
             Began as a Grey Draconian Gladiator on Dec 7, 2021.
             Succumbed to a killer bee's poison
             ... on level 7 of the Dungeon.
             The game lasted 00:05:45 (5270 turns).

pkoi the Grappler (Grey Draconian Gladiator)        Turns: 5270, Time: 00:05:46

Health: -1/59      AC: 11    Str: 16    XL:     7   Next: 96%
Magic:  7/7        EV: 13    Int: 10    God:
Gold:   182        SH:  0    Dex: 13    Spells: 6/6 levels left

rFire    . . .     SeeInvis .     - Unarmed
rCold    . . .     Faith    .   (no shield)
rNeg     . . .     Spirit   .   (armour unavailable)
rPois    .         Reflect  .   a - +0 hat
rElec    .         Harm     .   (no cloak)
rCorr    .         Rampage  .   (no gloves)
Will     .....                  (no boots)
Stlth    +.........             (no amulet)
HPRegen  0.19/turn              (no ring)
MPRegen  0.10/turn              (no ring)

@: lethally poisoned (-1 -> -12)
A: AC +11, amphibious, unfitting armour, cold-blooded
a: no special abilities


You were on level 7 of the Dungeon.
You visited 1 branch of the dungeon, and saw 6 of its levels.

You collected 182 gold pieces.

Inventory:

Hand Weapons
 e - a +1 short sword of venom
Armour
 a - a +0 hat (worn)
Jewellery
 f - a +6 ring of intelligence
Scrolls
 c - a scroll of identify
Potions
 d - a potion of curing
 j - 2 potions of flight


   Skills:
 - Level 4.2 Fighting
 - Level 1.7 Throwing
 + Level 4.2 Dodging
 * Level 8.3 Unarmed Combat


You had 6 spell levels left.
You didn't know any spells.
Your spell library contained the following spells:

 Spells                   Type           Power      Damage    Failure   Level
 Frozen Ramparts          Ice            0%         1d2       75%         3
 Ice Form                 Ice/Tmut       0%         N/A       98%         4
 Summon Ice Beast         Ice/Summ       0%         N/A       98%         4


Dungeon Overview and Level Annotations

Branches:
Dungeon (5/15)
 Temple: D:4-7

Altars:
Sif Muna

Annotations:
D:2 Sigmund


Innate Abilities, Weirdness & Mutations

Your dull iron-grey scales are very hard. (AC +11)
You are amphibious.
You cannot fit into any form of body armour.
You are cold-blooded and may be slowed by cold attacks.


Message History

The killer bee barely misses you.
Throw: throwing net
Press: ? - help, Q - select action Shift-Dir - straight line, f - killer bee, p - killer bee
Aim: a killer bee (29% to hit)
You throw a throwing net.
The throwing net closely misses the killer bee.
The throwing net hits the killer bee.
The killer bee is caught in the net!
The killer bee stings you but does no damage.
The killer bee struggles against the net.
The killer bee stings you but does no damage.
The killer bee struggles against the net.
You miss the killer bee.
Your tail-slap misses the killer bee.
The killer bee barely misses you.
The killer bee struggles against the net.
The killer bee barely misses you.
The killer bee struggles against the net.
The net rips apart, and the killer bee comes free!
You hit the killer bee.
The killer bee is lightly wounded.
The killer bee closely misses you. x2
You barely miss the killer bee.
Your tail-slap misses the killer bee.
The killer bee is lightly wounded.
The killer bee stings you but does no damage.
You completely miss the killer bee.
Your tail-slap misses the killer bee.
The killer bee is lightly wounded.
The killer bee stings you.
* * * LOW HITPOINT WARNING * * *
The killer bee misses you.
You closely miss the killer bee.
Your tail-slap misses the killer bee.
The killer bee is lightly wounded.
The killer bee barely misses you. x2
You barely miss the killer bee. Your punch misses the killer bee.
The killer bee is lightly wounded.
The killer bee stings you.
* * * LOW HITPOINT WARNING * * *
You are lethally poisoned!
The killer bee poisons you! The killer bee misses you.
You closely miss the killer bee.
The killer bee is lightly wounded.
You die...

##########
#........#
#......).#
#........##########
#..>(....yy@.......
+..).....##########
#...?....#
#........#
.....<...#
....###### .y. ..


You could see 2 killer bees.

Vanquished Creatures
  A sky beast (D:5)
  A black bear (D:5)
  A necrophage (D:4)
  A centaur (D:7)
  A bullfrog (D:4)
  A water moccasin skeleton (D:4)
  A killer bee (D:7)
  A centaur zombie (D:7)
  4 hounds
  2 iguanas
  Jessica (D:2)
  An orc wizard (D:4)
  Natasha (twice) (D:3)
  6 adders
  A howler monkey skeleton (D:2)
  An ufetubus (D:5)
  An adder zombie (D:2)
  2 adder skeletons (D:2)
  2 worms
  4 dart slugs
  6 orcs
  A bat skeleton (D:2)
  A bat zombie (D:2)
  5 endoplasms
  2 giant cockroaches
  9 goblins
  4 hobgoblins
  4 quokkas
  11 ball pythons
  A ball python skeleton (D:2)
  4 bats
  A frilled lizard (D:3)
  A giant cockroach zombie (D:2)
  2 jackal skeletons (D:2)
  8 kobolds
  A rat (D:3)
96 creatures vanquished.

Vanquished Creatures (others)
  2 plants (D:4)
2 creatures vanquished.

Grand Total: 98 creatures vanquished

Notes
Turn   | Place    | Note
-------+----------+-------------------------------------------
     0 | D:1      | pkoi the Draconian Gladiator began the quest for the Orb.
     0 | D:1      | Reached XP level 1. HP: 17/17 MP: 1/1
   427 | D:1      | Reached XP level 2. HP: 14/24 MP: 2/2
  1163 | D:2      | Reached skill level 4 in Unarmed Combat
  1405 | D:2      | Reached XP level 3. HP: 29/29 MP: 3/3
  2076 | D:2      | Noticed Sigmund
  2128 | D:2      | Noticed Jessica
  2134 | D:2      | Killed Jessica
  2135 | D:2      | Reached XP level 4. HP: 19/36 MP: 4/4
  2348 | D:3      | Reached skill level 5 in Unarmed Combat
  2763 | D:3      | Reached XP level 5. HP: 41/41 MP: 5/5
  2915 | D:3      | Noticed Natasha
  2920 | D:3      | Killed Natasha
  3007 | D:3      | Noticed Natasha
  3016 | D:3      | Killed Natasha
  3358 | D:4      | Reached skill level 6 in Unarmed Combat
  3525 | D:4      | Reached XP level 6. HP: 32/51 MP: 6/6
  4782 | D:4      | Reached skill level 7 in Unarmed Combat
  4782 | D:4      | Your scales start taking on a dull iron-grey colour.
  4782 | D:4      | Reached XP level 7. HP: 57/59 MP: 7/7
  4794 | D:4      | Found a shimmering blue altar of Sif Muna.
  4807 | D:5      | Entered Level 5 of the Dungeon
  5068 | D:5      | You fall into a shaft and drop 2 floors!
  5110 | D:7      | Reached skill level 8 in Unarmed Combat
  5269 | D:7      | HP: 1/59 [killer bee (3)]
  5270 | D:7      | Succumbed to a killer bee's poison

Illustrated notes

Levels and vault maps discovered:
D:1:      minmay_arrival_four_loops, layout_basic
D:2:      layout_loops_ring, serial_undead, serial_undead_d, serial_undead_f,
          serial_undead_a, serial_undead_e, serial_undead_a, serial_undead_f,
          serial_undead_f, serial_undead_c, serial_undead_a, serial_undead_d,
          grunt_decor_clamped, uniq_robin, uniq_sigmund, uniq_jessica
D:3:      layout_loops_cross, uniq_natasha
D:4:      layout_basic, general_overflow_altar, serial_glass, glass_columns_b,
          glass_columns_a, roderic_serpentine_path, serial_bayou_pond_e
D:5:      layout_cave_pools, minmay_temple_entry_junction_2
D:7:      layout_basic, uniq_duvessa

Skill      XL: |  1  2  3  4  5  6  7 |
---------------+----------------------+-----
Unarmed Combat | 4 5 6 7 8 |  8.3
Dodging        | 3 4 |  4.2
Fighting       | 3 4 |  4.2
Throwing       | |  1.7

Action                   |  1- 3 |  4- 6 |  7- 9 || total
-------------------------+-------+-------+-------++-------
Melee: Unarmed           |   127 |   167 |    89 ||   383
       Tailslap          |     8 |    28 |    13 ||    49
       Punch             |     1 |     7 |       ||     8
       Short sword       |       |     8 |     7 ||    15
Throw: Throwing net      |       |       |     3 ||     3
  Use: Scroll            |       |     9 |     1 ||    10
       Potion            |       |       |     6 ||     6
 Stab: Sleeping          |     1 |     1 |       ||     2
Armor: Skin              |    39 |    49 |    84 ||   172
Dodge: Dodged            |    78 |   100 |   127 ||   305
